 Dungeon Crawl Stone Soup version 0.29-a0-350-g7790a0e70a (webtiles) character file.

Game seed: 4417439172698197804

8 zeratav the Skirmisher (level 2, -2/28 HPs)
             Began as a Naga Fighter on Apr 22, 2022.
             Frozen to death by an endoplasm (5 damage)
             ... on level 1 of the Dungeon.
             The game lasted 00:00:27 (307 turns).

zeratav the Skirmisher (Naga Fighter)                Turns: 307, Time: 00:00:28

Health: -2/28      AC:  4    Str: 18    XL:     2   Next: 8%
Magic:  2/2        EV:  7    Int:  8    God:
Gold:   11         SH:  4    Dex: 10    Spells: 1/1 levels left

rFire   . . .      SeeInvis +     - Unarmed
rCold   . . .      Faith    .   b - +0 buckler
rNeg    . . .      Spirit   .   a - +0 scale mail
rPois   +          Reflect  .   (no helmet)
rElec   .          Harm     .   (no cloak)
rCorr   .          Rampage  .   (no gloves)
Will    .....                   (no barding)
Stlth   ..........              (no amulet)
HPRegen 0.09/turn               (no ring)
MPRegen 0.08/turn               (no ring)

@: very slow
A: AC +0, large, see invisible, deformed body, poison resistance, slowness 2,
spit poison 1, naga tail 1
a: Spit Poison


You were on level 1 of the Dungeon.
You visited 1 branch of the dungeon, and saw 1 of its levels.

You collected 11 gold pieces.


Innate Abilities, Weirdness & Mutations

Your serpentine skin is tough. (AC +0)
You have supernaturally acute eyesight. (SInv)
Armour fits poorly on your strangely shaped body.
Your system is resistant to poisons. (rPois)
You cover ground very slowly.
You can spit poison.
You have a snake-like lower body.


   Skills:
 - Level 3.0 Fighting
 - Level 2.4 Armour
 - Level 2.4 Shields
 + Level 2.7 Unarmed Combat


You had one spell level left.
You didn't know any spells.
Your spell library was empty.

Inventory:

Hand Weapons
 d - a +0 rapier {short}
   (You found it on level 1 of the Dungeon)
Armour
 a - a +0 scale mail (worn)
 b - a +0 buckler (worn)
 f - a +0 ring mail
   (You found it on level 1 of the Dungeon)
Scrolls
 e - a scroll of teleportation {unknown}
Potions
 c - a potion of might

Dungeon Overview and Level Annotations

Branches:
Dungeon (1/15)

Altars:

###.####.|..
#...# .# #.#.#
### .# #.#.# ..#
.### #.#..
#.#....#.
#.####.#.#......
#.†....#........
##..####.[.....#
#.@Jr....#...##
#..g....[# ##
##########


You could see an endoplasm, a quokka and a goblin.


Message History

You hit the ball python.
You kill the ball python!
No target in view!
No target in view!
No target in view!
You see here a ball python corpse.
An endoplasm comes into view.
The endoplasm quivers.
An endoplasm is nearby!
A goblin and a quokka come into view.
The goblin shouts!
A ball python comes into view.
The ball python hisses angrily.
You block the endoplasm's attack. The goblin hits you with a +0 dagger.
HP[-3]
You take 3 damage, and now have 18/21 hp.
You closely miss the goblin.
A rat comes into view.
The endoplasm hits you. The goblin barely misses you.
HP[-1]
You take 1 damage, and now have 17/21 hp.
You closely miss the goblin.
The endoplasm hits you but does no damage.
You block the goblin's attack. The ball python barely misses you.
You closely miss the goblin. The endoplasm hits you.
The goblin hits you with a +0 dagger. The ball python bites you.
HP[-5]
You take 5 damage, and now have 12/21 hp.
MASSIVE DAMAGE!! (PAUSE)
You are too injured to fight recklessly!
You are too injured to fight recklessly!
You are too injured to fight recklessly!
You are too injured to fight recklessly!
You are too injured to fight recklessly!
You are too injured to fight recklessly!
You are too injured to fight recklessly!
You are too injured to fight recklessly!
You are too injured to fight recklessly!
You are too injured to fight recklessly!
You are too injured to fight recklessly!
You are too injured to fight recklessly!
You are too injured to fight recklessly!
You are too injured to fight recklessly!
You are too injured to fight recklessly!
You are too injured to fight recklessly!
You are too injured to fight recklessly!
You are too injured to fight recklessly!
You are too injured to fight recklessly!
You are too injured to fight recklessly!
You are too injured to fight recklessly!
You are too injured to fight recklessly!
The rat attacks as you move away! You block the rat's attack.
The ball python attacks as you move away!
The ball python barely misses you. The endoplasm attacks as you move away!
The endoplasm hits you.
* * * LOW HITPOINT WARNING * * *
The rat bites you.
* * * LOW HITPOINT WARNING * * *
The endoplasm hits you.
* * * LOW HITPOINT WARNING * * *
HP[-5]
You take 5 damage, and now have 7/21 hp.
MASSIVE DAMAGE!! (PAUSE)
The ball python attacks as you move away!
You block the ball python's attack. The ball python barely misses you.
The rat completely misses you. The rat attacks as you move away!
The rat bites you but does no damage. You block the ball python's attack.
The rat attacks as you move away! The rat bites you.
* * * LOW HITPOINT WARNING * * *
HP[-1]
You take 1 damage, and now have 6/21 hp.
You hit the rat. The ball python barely misses you. The rat barely misses you.
The ball python closely misses you.
You hit the rat. You block the rat's attack.
The ball python bites you but does no damage.
HP[+1]
You hit the rat.
You kill the rat!
The ball python bites you but does no damage.
You have reached level 2!
HP[+2] MP[+1]
You now have 28 max hp (+7).
You regained 2 hp, and now have 9/28 hp.
Your mp is fully restored (2).
You closely miss the ball python. The endoplasm freezes you.
You are frozen.
* * * LOW HITPOINT WARNING * * *
The ball python barely misses you.
HP[-5]
You take 5 damage, and now have 4/28 hp.
You hit the ball python.
You kill the ball python!
The endoplasm hits you but does no damage.
You hit the endoplasm. The goblin hits you with a +0 dagger.
* * * LOW HITPOINT WARNING * * *
The endoplasm freezes you.
You are frozen.
You die...

Action                   || total
-------------------------++-------
Melee: Unarmed           ||    37
Armor: Scale mail        ||    12
Dodge: Dodged            ||    19
Block: Buckler           ||    11

Levels and vault maps discovered:
D:1:      roderic_dead_forest, layout_loops_ring,
          shapermc_ecumenical_altar_mp_highgroup, serial_glass, glass_columns_c,
          glass_columns_c, minmay_heptomino_l4

Notes
Turn   | Place    | Note
-------+----------+-------------------------------------------
     0 | D:1      | zeratav the Naga Fighter began the quest for the Orb.
     0 | D:1      | Reached XP level 1. HP: 21/21 MP: 1/1
     0 | D:1      | magus.rc [v1.9.6]
   305 | D:1      | Reached XP level 2. HP: 9/28 MP: 2/2
   305 | D:1      | HP: 4/28 [frozen (5)]
   307 | D:1      | Frozen to death by an endoplasm

Vanquished Creatures
  3 ball pythons (D:1)
  An endoplasm (D:1)
  A quokka (D:1)
  A bat (D:1)
  2 rats (D:1)
8 creatures vanquished.

Table legend:
 A = Non-vault XP
 B = Vault XP
 C = Vault XP percentage of total XP
 D = Non-vault monster count
 E = Vault monster count
 F = Vault count percentage of total count
                 A         B        C        D         E       F
            +---------+---------+-------+---------+---------+-------
      Total |       9 |       3 |  25.0 |       6 |       2 |  25.0
            +---------+---------+-------+---------+---------+-------
        D:1 |       9 |       3 |  25.0 |       6 |       2 |  25.0
            +---------+---------+-------+---------+---------+-------

Illustrated notes

Table legend:
 A = Kills in this place as a percentage of kills in entire the game.
 B = Kills by you in this place as a percentage of kills by you in the entire game.
 C = Kills by friends in this place as a percentage of kills by friends in the entire game.
 D = Other kills in this place as a percentage of other kills in the entire game.
 E = Experience gained in this place as a percentage of experience gained in the entire game.
 F = Experience gained in this place divided by the number of levels of this place that you have seen.
                   A       B       C       D       E      F
               +-------+-------+-------+-------+-------+----------------------
         Total | 100.0 | 100.0 |   N/A |   N/A | 100.0 |  12.0
       Dungeon | 100.0 | 100.0 |   N/A |   N/A | 100.0 |  12.0
               +-------+-------+-------+-------+-------+----------------------

Table legend: (Time is in decaauts)
 A = Elapsed time spent in this place.
 B = Non-inter-level travel time spent in this place.
 C = Inter-level travel time spent in this place.
 D = Time resting spent in this place.
 E = Time spent auto-exploring this place.
 F = Levels seen in this place.
 G = Mean time per level.
                   A        B        C        D        E       F      G
               +--------+--------+--------+--------+--------+-----+--------+
         Total |    361 |    361 |      0 |      0 |    296 |   1 |  361.0 |
       Dungeon |    361 |    361 |      0 |      0 |    296 |   1 |  361.0 |
               +--------+--------+--------+--------+--------+-----+--------+

Top non-repeatable levels by time:
     D:1: 361 daAuts
